 Dungeon Crawl Stone Soup version 0.30.0-17-ge0270778cf (webtiles) character file.

Game seed: 11457807938211777288

1399 booth the Chopper (level 8, -4/44 (51) HPs)
             Began as a Gnoll Reaver on May 21, 2023.
             Was a Follower of Hepliaklqana.
             Slain by a wight
             ... wielding a +2 great sword of freezing
              (16 damage)
             ... on level 6 of the Dungeon.
             The game lasted 00:31:33 (5837 turns).

booth the Chopper (Gnoll Reaver)                    Turns: 5837, Time: 00:31:34

HP:   -4/44 (51)    AC:  7    Str: 13    XL:     8   Next: 69%
MP:   17/17         EV: 13    Int: 13    God:    Hepliaklqana [*.....]
Gold: 230           SH:  0    Dex: 11    Spells: 13/19 levels left

rFire   . . .        h - +1 whip (venom)
rCold   . . .        (no shield)
rNeg    . . .        b - +0 leather armour
rPois   .            d - +0 helmet
rElec   .            (no cloak)
rCorr   .            f - +1 pair of gloves
SInv    .            k - +0 pair of boots
Will    .....        (no amulet)
Stlth   ++           (no ring)
HPRegen 0.27/turn    (no ring)
MPRegen 0.15/turn

%: no passive effects
@: heavily drained
A: reduced essence, fangs 1, strong nose, distributed training, frail 1
a: Renounce Religion, Recall Ancestor, Ancestor Identity


You were on level 6 of the Dungeon.
You worshipped Hepliaklqana.
Hepliaklqana was aware of your devotion.
You visited 2 branches of the dungeon, and saw 8 of its levels.

You collected 230 gold pieces.

Inventory:

Hand Weapons
 a - a +1 hand axe
 h - a +1 whip of venom (weapon)
 n - a +0 mace
 u - a +0 war axe
Missiles
 j - 9 poisoned darts
 t - 2 boomerangs
 D - 6 javelins
Armour
 b - a +0 leather armour (worn)
 d - a +0 helmet (worn)
 f - a +1 pair of gloves (worn)
 k - a +0 pair of boots (worn)
 r - the +4 ring mail "Pisateng" {Str+2 Dex+3}
   (You found it on level 4 of the Dungeon)

   Str:       It affects your strength (+2).
   Dex:       It affects your dexterity (+3).
Jewellery
 i - a ring of fire
Wands
 q - a wand of paralysis (4)
 x - a wand of polymorph (8)
Scrolls
 p - a scroll of fear
 w - a scroll of magic mapping
 A - a scroll of enchant weapon
 B - a scroll of immolation {unknown}
 C - a scroll of summoning {unknown}
Potions
 e - 2 potions of attraction
 g - 2 potions of brilliance
 l - a potion of mutation
 m - a potion of resistance
 s - a potion of lignification


   Skills:
 + Level 5.9 Fighting
 + Level 3.6 Short Blades
 + Level 3.6 Long Blades
 + Level 7.5 Axes
 + Level 3.6 Maces & Flails
 + Level 3.6 Polearms
 + Level 3.6 Staves
 + Level 3.6 Ranged Weapons
 + Level 3.6 Throwing
 + Level 3.6 Armour
 + Level 5.9 Dodging
 + Level 3.6 Stealth
 + Level 3.6 Shields
 + Level 3.6 Unarmed Combat
 + Level 6.2 Spellcasting
 + Level 6.3 Conjurations
 + Level 3.0 Hexes
 + Level 3.0 Summonings
 + Level 3.0 Necromancy
 + Level 3.0 Translocations
 + Level 3.0 Transmutations
 + Level 3.0 Fire Magic
 + Level 3.0 Ice Magic
 + Level 3.0 Air Magic
 + Level 3.0 Earth Magic
 + Level 3.0 Poison Magic
 + Level 4.0 Invocations
 + Level 3.6 Evocations


You had 13 spell levels left.
You knew the following spells:

 Your Spells              Type           Power      Damage    Failure   Level
a - Kiss of Death         Conj/Necr      64%        2d10      3%          1
b - Momentum Strike       Conj/Tloc      32%        3d8       4%          2
c - Hailstorm             Conj/Ice       16%        3d6       9%          3

Your spell library contained the following spells:

 Spells                   Type           Power      Damage    Failure   Level


Dungeon Overview and Level Annotations

Branches:
Dungeon (7/15)             Temple (1/1) D:4

Altars:
Dithmenos
Elyvilon
Fedhas
Hepliaklqana
Kikubaaqudgha
Makhleb
Nemelex Xobeh
Okawaru
Ru
Sif Muna
Trog
Uskayaw
Vehumet
Wu Jian
Xom
Yredelemnul
Zin
The Shining One

Shops:
D:5 [


Innate Abilities, Weirdness & Mutations

Your life essence is reduced to manifest your ancestor. (-10% HP)
You have very sharp teeth.
Your uncanny sense of smell can sniff out nearby items.
Your experience applies equally to all skills.
You are frail. (-10% HP)


Message History

Tiberia hits the wight.
The wight barely misses you. The wight closely misses you.
You hit the wight but do no damage.
Tiberia barely misses the wight.
The wight closely misses you. x2
You hit the wight but do no damage.
Tiberia hits the wight.
The wight hits Tiberia with a +4 falchion.
You closely miss the wight.
Tiberia hits the wight.
The wight barely misses Tiberia.
The wight completely misses you.
You hit the wight.
The wight is lightly damaged.
Tiberia hits the wight but does no damage.
You barely miss the wight.
The wight is lightly damaged.
The wight hits Tiberia with a +4 falchion!
The wight hits you with a +2 great sword of freezing.
You feel drained. The wight freezes you.
Tiberia hits the wight.
The wight is destroyed!
Your Hexes skill increases to level 3!
Your Summonings skill increases to level 3!
Your Necromancy skill increases to level 3!
Your Translocations skill increases to level 3!
Your Transmutations skill increases to level 3!
Your Fire Magic skill increases to level 3!
Your Ice Magic skill increases to level 3!
Your Air Magic skill increases to level 3!
Your Earth Magic skill increases to level 3!
Your Poison Magic skill increases to level 3!
Your Invocations skill increases to level 4!
You closely miss the wight.
The wight is lightly damaged.
The wight hits you with a +2 great sword of freezing.
The wight freezes you.
You barely miss the wight.
The wight is lightly damaged.
The wight hits you with a +2 great sword of freezing.
* * * LOW HITPOINT WARNING * * *
The wight freezes you.
* * * LOW HITPOINT WARNING * * *
The wight hits you with a +2 great sword of freezing!
You die...

## # .# .## #. ###
#.##.# ##.## #..#.
######...## #.#.# #
..........#####z#.#.#
..............R.@...#
####.......z..)>..###
# ###....#####.#.## #
##.#.# #.#... ...# # #
#.#.# #.#.####..#. #
#.#.# #.#.####..#.## ∆
#
#.#.#####............#
#.#.........# #..#.#
#.#########.####...# #


You could see the friendly Tiberia the ancestor and 2 wights.

Vanquished Creatures
  Grinder (D:4)
  A water moccasin (D:5)
  A black bear (D:7)
  An ogre (D:4)
  A centaur (D:5)
  2 phantoms (D:5)
  A scorpion (D:5)
  A hound (D:5)
  2 orc priests
  2 jellies (D:5)
  3 sleepcaps (D:5)
  Jessica (D:3)
  Natasha (thrice) (D:4)
  An iguana (D:5)
  An orc wizard (D:3)
  12 adders
  An ufetubus (D:5)
  2 worms
  A dart slug (D:3)
  10 orcs
  2 bats (D:2)
  6 endoplasms
  2 giant cockroaches (D:1)
  5 hobgoblins
  8 jackals (D:3)
  A quokka (D:5)
  5 ball pythons
  4 frilled lizards
  8 goblins
  8 kobolds
  2 rats
99 creatures vanquished.

Vanquished Creatures (collateral kills)
  A wight (D:6)
  An orc (D:5)
  3 jackals (D:5)
5 creatures vanquished.

Vanquished Creatures (others)
  An ancestor (D:6)
1 creature vanquished.

Grand Total: 105 creatures vanquished

Notes
Turn   | Place    | Note
-------+----------+-------------------------------------------
     0 | D:1      | booth the Gnoll Reaver began the quest for the Orb.
     0 | D:1      | Reached XP level 1. HP: 20/20 MP: 6/6
   181 | D:1      | Reached XP level 2. HP: 26/26 MP: 7/7
   184 | D:1      | Learned a level 2 spell: Momentum Strike
   591 | D:2      | Reached skill level 5 in Spellcasting
   591 | D:2      | Reached XP level 3. HP: 27/31 MP: 7/9
   636 | D:2      | Reached skill level 1 in Invocations
   804 | D:2      | Reached skill level 1 in Short Blades
   804 | D:2      | Reached skill level 1 in Long Blades
   804 | D:2      | Reached skill level 1 in Maces & Flails
   804 | D:2      | Reached skill level 1 in Polearms
   804 | D:2      | Reached skill level 1 in Staves
   804 | D:2      | Reached skill level 1 in Ranged Weapons
   804 | D:2      | Reached skill level 1 in Throwing
   804 | D:2      | Reached skill level 1 in Armour
   804 | D:2      | Reached skill level 1 in Stealth
   804 | D:2      | Reached skill level 1 in Shields
   804 | D:2      | Reached skill level 1 in Unarmed Combat
   804 | D:2      | Reached skill level 1 in Evocations
   833 | D:2      | Learned a level 3 spell: Hailstorm
   877 | D:2      | Reached XP level 4. HP: 38/38 MP: 11/11
   986 | D:2      | Reached skill level 1 in Hexes
   986 | D:2      | Reached skill level 1 in Summonings
   986 | D:2      | Reached skill level 1 in Necromancy
   986 | D:2      | Reached skill level 1 in Translocations
   986 | D:2      | Reached skill level 1 in Transmutations
   986 | D:2      | Reached skill level 1 in Fire Magic
   986 | D:2      | Reached skill level 1 in Ice Magic
   986 | D:2      | Reached skill level 1 in Air Magic
   986 | D:2      | Reached skill level 1 in Earth Magic
   986 | D:2      | Reached skill level 1 in Poison Magic
  1426 | D:3      | Noticed Jessica
  1496 | D:3      | Noticed an ogre
  1522 | D:3      | Killed Jessica
  1598 | D:3      | Reached XP level 5. HP: 39/39 MP: 12/12
  1633 | D:3      | Found a faded altar of an unknown god.
  2102 | D:3      | Found a shimmering blue altar of Sif Muna.
  2102 | D:3      | Found a glowing golden altar of the Shining One.
  2248 | D:4      | Noticed an ogre
  2479 | D:4      | Killed an ogre
  2480 | D:4      | Reached skill level 5 in Fighting
  2480 | D:4      | Reached skill level 5 in Dodging
  2480 | D:4      | Reached XP level 6. HP: 8/51 MP: 12/14
  2643 | D:4      | Noticed Grinder
  2646 | D:4      | Identified the +4 ring mail "Pisateng" {Str+2 Dex+3}
  2651 | D:4      | Noticed Natasha
  2651 | D:4      | Paralysed by Grinder for 3 turns
  2663 | D:4      | Killed Natasha
  2664 | D:4      | Paralysed by Grinder for 3 turns
  2685 | D:4      | Paralysed by Grinder for 5 turns
  2686 | D:4      | Killed Grinder
  2687 | D:4      | Reached skill level 7 in Axes
  2687 | D:4      | Reached XP level 7. HP: 31/56 MP: 15/15
  3058 | D:4      | Found a staircase to the Ecumenical Temple.
  3071 | Temple   | Entered the Ecumenical Temple
  3271 | Temple   | Became a worshipper of Hepliaklqana the Forgotten
  3409 | D:4      | Noticed Natasha
  3421 | D:4      | Killed Natasha
  3523 | D:4      | Noticed Natasha
  3540 | D:4      | Killed Natasha
  3568 | D:4      | Found an iron altar of Okawaru.
  3612 | D:4      | Gained mutation: You sometimes lose your temper in combat.
                  | [potion of mutation]
  3612 | D:4      | Gained mutation: You are frail. (-10% HP) [potion of
                  | mutation]
  3612 | D:4      | Lost mutation: You sometimes lose your temper in combat.
                  | [potion of mutation]
  3641 | D:5      | Entered Level 5 of the Dungeon
  3641 | D:5      | Found Dikhagev's Armour Shop.
  3975 | D:5      | Found a radiant altar of Vehumet.
  4145 | D:5      | Reached XP level 8. HP: 47/56 MP: 16/16
  5063 | D:5      | Reached * piety under Hepliaklqana
  5382 | D:5      | Identified the +0 robe "Evun" {Fly Stlth- Archmagi}
  5837 | D:6      | Slain by a wight

Illustrated notes

Levels and vault maps discovered:
D:1:      lightli_arrival_chessboard, layout_rooms
D:2:      layout_basic
D:3:      layout_rooms, mainiacjoe_overflow_big_doors,
          hellmonk_ecumenical_altar_prayer_group, amethyst_killhole,
          lightli_corner_chamber, uniq_jessica
D:4:      layout_loops_ring, mainiacjoe_overflow_tiny_flanked,
          minmay_temple_entry_stoned_glass, uniq_natasha, uniq_grinder
D:5:      layout_loops_corners, lemuel_crystal_altar, nicolae_stop_n_shop_2,
          roderic_lattice_a
D:6:      layout_loops_ring, uniq_blork_the_orc
D:7:      black_bear_nest_1, layout_basic, serial_shops, shop
Temple:   eino_temple_water

Skill      XL: |  1  2  3  4  5  6  7  8 |
---------------+-------------------------+-----
Spellcasting   | 5 6 |  6.2
Invocations    | 1 2 3 4 |  4.0
Short Blades   | 1 2 3 |  3.6
Long Blades    | 1 2 3 |  3.6
Maces & Flails | 1 2 3 |  3.6
Polearms       | 1 2 3 |  3.6
Staves         | 1 2 3 |  3.6
Ranged Weapons | 1 2 3 |  3.6
Throwing       | 1 2 3 |  3.6
Armour         | 1 2 3 |  3.6
Stealth        | 1 2 3 |  3.6
Shields        | 1 2 3 |  3.6
Unarmed Combat | 1 2 3 |  3.6
Evocations     | 1 2 3 |  3.6
Hexes          | 1 2 3 |  3.0
Summonings     | 1 2 3 |  3.0
Necromancy     | 1 2 3 |  3.0
Translocations | 1 2 3 |  3.0
Transmutations | 1 2 3 |  3.0
Fire Magic     | 1 2 3 |  3.0
Ice Magic      | 1 2 3 |  3.0
Air Magic      | 1 2 3 |  3.0
Earth Magic    | 1 2 3 |  3.0
Poison Magic   | 1 2 3 |  3.0
Fighting       | 5 |  5.9
Dodging        | 5 |  5.9
Axes           | 7 |  7.5
Conjurations   | 6 |  6.3

Action                     |  1- 3 |  4- 6 |  7- 9 || total
---------------------------+-------+-------+-------++-------
  Melee: Hand axe          |    14 |       |       ||    14
         Whip              |    67 |   143 |   248 ||   458
         Bite              |     8 |    15 |    30 ||    53
         Punch             |       |     3 |     9 ||    12
         Unarmed           |       |       |     7 ||     7
  Throw: Dart              |       |     3 |       ||     3
   Cast: Kiss of Death     |       |     2 |     1 ||     3
         Momentum Strike   |       |     1 |     1 ||     2
 Invoke: Ancestor Identity |       |       |     1 ||     1
    Use: Scroll            |     3 |     3 |     6 ||    12
         Potion            |       |       |     7 ||     7
 Armour: Leather armour    |    26 |    38 |    82 ||   146
         Skin              |       |       |     3 ||     3
  Dodge: Dodged            |    51 |    72 |   181 ||   304
